 Dungeon Crawl Stone Soup version 0.29.1-1-gd02db6906a (webtiles) character file.

Game seed: 1339867359114007178

2200 H0rd4k the Trooper (level 9, 0/72 HPs)
             Began as a Human Artificer on Sept 22, 2022.
             Was an Initiate of Gozag.
             Slain by a mummy (14 damage)
             ... in an ossuary.
             The game lasted 00:12:43 (9807 turns).

H0rd4k the Trooper (Human Artificer)                Turns: 9807, Time: 00:12:43

Health: 0/72       AC: 10    Str: 12    XL:     9   Next: 60%
Magic:  16/16      EV: 11    Int: 16    God:    Gozag
Gold:   556        SH:  0    Dex: 14    Spells: 18/18 levels left

rFire   + . .      SeeInvis .   b - +1 dagger (holy)
rCold   . . .      Faith    .   (no shield)
rNeg    . . .      Spirit   .   o - +0 scale mail {rF+}
rPois   .          Reflect  .   x - +2 hat
rElec   .          Harm     .   g - +1 cloak
rCorr   .          Rampage  .   (no gloves)
Will    .....                   (no boots)
Stlth   ..........              (no amulet)
HPRegen 0.22/turn               (no ring)
MPRegen 0.15/turn               (no ring)

@: no status effects
A: no striking features
a: Renounce Religion, Potion Petition, Call Merchant, Bribe Branch


You were in an ossuary.
You worshipped Gozag.
Gozag was pleased with you.
You visited 2 branches of the dungeon, and saw 8 of its levels.
You also visited: Sewer and Ossuary.

You collected 598 gold pieces.
You paid 42 gold pieces to Gozag.

Inventory:

Hand Weapons
 b - a +1 dagger of holy wrath (weapon)
 r - a +6 dagger of venom
Missiles
 j - 20 poisoned darts (quivered)
 y - 2 throwing nets
Armour
 g - a +1 cloak (worn)
 o - a +0 scale mail of fire resistance (worn)
 x - a +2 hat (worn)
Wands
 c - a wand of flame (10)
 d - a wand of charming (2)
 e - a wand of iceblast (3)
 m - a wand of paralysis (11)
Scrolls
 i - a scroll of noise
 k - 2 scrolls of fear
 t - 3 scrolls of teleportation
 B - 2 scrolls of blinking
Potions
 a - a potion of degeneration {unknown}
 h - a potion of resistance
 l - 4 potions of lignification
 n - 2 potions of flight
 v - 2 potions of brilliance
 w - 3 potions of attraction


   Skills:
 + Level 7.4 Fighting
 - Level 2.0 Short Blades
 - Level 2.0 Maces & Flails
 - Level 2.0 Armour
 + Level 6.7 Dodging
 - Level 1.0 Stealth
 * Level 5.2 Spellcasting
 - Level 3.0 Evocations


You had 18 spell levels left.
You didn't know any spells.
Your spell library contained the following spells:

 Spells                   Type           Power      Damage    Failure   Level
 Apportation              Tloc           8%         N/A       61%         1
 Petrify                  Tmut/Erth      4%         N/A       100%        4
 Alistair's Intoxication  Tmut/Pois      2%         N/A       100%        5
 Metabolic Englaciation   Hex/Ice        2%         N/A       100%        5
 Statue Form              Tmut/Erth      2%         N/A       100%        6


Dungeon Overview and Level Annotations

Branches:
Dungeon (7/15)             Temple (1/1) D:4           Sewer (visited)
Ossuary (1/1)

Altars:
Ashenzari
Dithmenos
Elyvilon
Fedhas
Gozag
Hepliaklqana
Kikubaaqudgha
Makhleb
Nemelex Xobeh
Okawaru
Qazlal
Ru
Sif Muna
Trog
Uskayaw
Vehumet
Wu Jian
Xom
Yredelemnul
Zin
The Shining One

Shops:
D:3 :   D:4 *

Annotations:
D:3 4 transporters, exclusion: 2 downstairs, Pagrim's ghost, amateur OgCA
Temple 2 transporters


Message History

Found a scroll of fog and a scroll labelled BUFAEGH JUSM. 3 mummies come into view.
Found a gate leading back out of this place.
You closely miss the mummy. You barely miss the mummy. The mummy hits you.
You hit the mummy but do no damage. The mummy hits you.
You hit the mummy but do no damage. The mummy hits you. x2
The mummy closely misses you.
You closely miss the mummy. You hit the mummy.
The mummy convulses.
The mummy is moderately damaged.
The mummy hits you but does no damage. x2; The mummy misses you.
You hit the mummy.
The mummy convulses.
The mummy is heavily damaged.
You hit the mummy but do no damage.
The mummy is heavily damaged.
The mummy hits you. The mummy hits you! x2
You hit the mummy.
The mummy convulses.
The mummy is severely damaged.
The mummy hits you but does no damage.
You hit the mummy but do no damage.
The mummy is severely damaged.
The mummy completely misses you. The mummy barely misses you.
You barely miss the mummy.
The mummy is severely damaged.
The mummy hits you! The mummy hits you.
* * * LOW HITPOINT WARNING * * *
The mummy hits you.
* * * LOW HITPOINT WARNING * * *
You hit the mummy.
The mummy convulses.
The mummy is almost destroyed.
The mummy barely misses you.
You completely miss the mummy.
The mummy is almost destroyed.
You hit the mummy but do no damage.
The mummy is almost destroyed.
The mummy hits you!
You die...
Your body crumbles into a pile of gold.

##..^.^##
#....^..#
##..^.^##
#.......#
##...^.##
#.^.....#
##.....##
#...^...#
##..@MM##
#..^.M..#
##..^..##
#^.^..#
#?.....?#
#!.....?#
#!.....!#
#?.....?#
##.....##


You could see 3 mummies.

Vanquished Creatures
  Pikel (D:6)
  A black bear (D:6)
  A sky beast (D:5)
  A centaur (D:6)
  A phantom (D:4)
  A lemure (D:6)
  2 bullfrogs (D:6)
  2 scorpions
  2 necrophages (D:5)
  Dowan (D:6)
  A howler monkey (D:6)
  A centaur zombie (Ossuary)
  2 jellies
  A hound (D:3)
  3 orc priests (D:6)
  4 iguanas
  7 orc wizards
  A hell rat (Sewer)
  3 mummies (Ossuary)
  Robin (D:3)
  A gnoll (D:3)
  9 adders
  4 river rats
  2 ufetubi
  2 worms
  A dart slug (D:4)
  31 orcs
  3 endoplasms
  2 giant cockroaches
  7 goblins (D:3)
  6 hobgoblins
  3 jackals (D:3)
  5 kobolds
  7 quokkas
  8 ball pythons
  5 bats
  2 frilled lizards
  4 hobgoblin zombies (Ossuary)
  11 rats
150 creatures vanquished.

Vanquished Creatures (collateral kills)
  Duvessa (D:6)
  An orc priest (D:3)
  A gnoll (D:3)
  An orc (D:3)
  3 goblins (D:3)
  2 hobgoblins (D:3)
  A rat (D:3)
10 creatures vanquished.

Vanquished Creatures (others)
  A gnoll (D:3)
  A goblin (D:3)
2 creatures vanquished.

Grand Total: 162 creatures vanquished

Notes
Turn   | Place    | Note
-------+----------+-------------------------------------------
     0 | D:1      | H0rd4k the Human Artificer began the quest for the Orb.
     0 | D:1      | Reached XP level 1. HP: 15/15 MP: 1/1
   258 | D:1      | Reached XP level 2. HP: 19/21 MP: 2/2
   331 | D:1      | You fall into a shaft and drop 1 floor!
   351 | D:2      | Reached skill level 1 in Maces & Flails
   507 | D:2      | Found an ornate altar of the Wu Jian Council.
  1347 | D:2      | Reached XP level 3. HP: 26/26 MP: 3/3
  1970 | D:3      | Found a glowing golden altar of the Shining One.
  1970 | D:3      | Found a hazy altar of Hepliaklqana.
  1979 | D:3      | Found a transporter.
  1985 | D:3      | Noticed a steam dragon
  1987 | D:3      | Found a transporter.
  2000 | D:3      | Reached skill level 2 in Fighting
  2000 | D:3      | Reached skill level 1 in Spellcasting
  2000 | D:3      | Reached XP level 4. HP: 33/33 MP: 3/5
  2008 | D:3      | Noticed Robin
  2041 | D:3      | Killed Robin
  2103 | D:3      | Noticed an ogre
  2104 | D:3      | Found a transporter.
  2104 | D:3      | Noticed an ogre
  2104 | D:3      | Noticed Pagrim's ghost (amateur OgCA)
  2123 | D:3      | Found Foamis's Book Emporium.
  2130 | D:3      | Reached XP level 5. HP: 20/39 MP: 7/7
  2250 | D:3      | Found a faded altar of an unknown god.
  2306 | D:3      | Reached skill level 3 in Fighting
  2320 | D:3      | Found a glowing drain.
  2334 | Sewer    | Entered a sewer
  2337 | Sewer    | Reached XP level 6. HP: 17/47 MP: 9/9
  3222 | D:3      | Found a transporter.
  3634 | D:4      | Reached XP level 7. HP: 24/53 MP: 9/11
  3640 | D:4      | Reached skill level 4 in Fighting
  3640 | D:4      | Reached skill level 1 in Short Blades
  4355 | D:4      | Found a staircase to the Ecumenical Temple.
  4379 | Temple   | Entered the Ecumenical Temple
  4379 | Temple   | Found a transporter.
  4379 | Temple   | Found a transporter.
  4387 | Temple   | Found a transporter.
  4387 | Temple   | Found a transporter.
  4411 | Temple   | Became a worshipper of Gozag Ym Sagoz the Greedy
  4501 | D:4      | Found Benis's Assorted Antiques.
  5108 | D:5      | Entered Level 5 of the Dungeon
  5507 | D:5      | Identified the +0 whip of Distraction {vorpal, rElec Int+2
                  | Dex+3}
  5640 | D:5      | Found Kunico's Antique Weapon Shop.
  6402 | D:5      | Reached XP level 8. HP: 38/58 MP: 13/13
  6696 | D:5      | Reached skill level 5 in Fighting
  7354 | D:5      | Reached skill level 5 in Dodging
  7761 | D:6      | Reached skill level 6 in Fighting
  8009 | D:6      | HP: 2/96 [orc priest/divine providence (11)]
  8014 | D:6      | Reached XP level 9. HP: 5/69 MP: 15/15
  8349 | D:6      | Noticed Pikel
  8374 | D:6      | Killed Pikel
  8375 | D:6      | Reached skill level 7 in Fighting
  8375 | D:6      | Reached skill level 5 in Spellcasting
  8806 | D:6      | Noticed Dowan
  8806 | D:6      | Noticed Duvessa
  8822 | D:6      | Killed Duvessa
  8828 | D:6      | Killed Dowan
  8950 | D:6      | Found a blossoming altar of Fedhas.
  9363 | D:7      | Found a sand-covered staircase.
  9373 | Ossuary  | Entered an ossuary
  9403 | Ossuary  | HP: 3/72 [mummy (11)]
  9807 | Ossuary  | Slain by a mummy

Illustrated notes

Levels and vault maps discovered:
D:1:      dpeg_arrival_rhombus, layout_basic
D:2:      layout_loops_ring, basic_altar
D:3:      layout_rooms, gammafunk_temple_overflow_arena, gammafunk_ghost_smash,
          serial_shops, nicolae_shop_statue_plus,
          chequers_ecumenical_altar_simple, gup_sewer_entry_bubbles,
          kennysheep_generic_room_15, uniq_robin
D:4:      layout_layer_cave, temple_fountains, serial_shops, shop
D:5:      layout_gridville, serial_shops, kennysheep_mini_moat,
          grunt_ministairs_7
D:6:      layout_loops_cross, fedhas_altar_2, uniq_duvessa, uniq_pikel
D:7:      layout_cave_pools, nzn_ghost_randoct, enter_ossuary_1,
          nicolae_hexahallways, uniq_crazy_yiuf_cottage
Temple:   hellmonk_temple_divided_pantheon
Ossuary:  ossuary_the_hunt_dpeg

Skill      XL: |  1  2  3  4  5  6  7  8  9 |
---------------+----------------------------+-----
Maces & Flails | 1 2 |  2.0
Fighting       | 2 3 4 6 7 |  7.4
Spellcasting   | 1 2 3 4 5 |  5.2
Dodging        | 2 3 4 5 6 |  6.7
Short Blades   | 2 |  2.0
Armour         | |  2.0
Stealth        | |  1.0
Evocations     | |  3.0

Action                   |  1- 3 |  4- 6 |  7- 9 || total
-------------------------+-------+-------+-------++-------
Melee: Club              |   106 |    21 |       ||   127
       Mace              |       |   112 |    22 ||   134
       Punch             |       |     1 |    10 ||    11
       Dagger            |       |    24 |   479 ||   503
       Whip              |       |       |    41 ||    41
Evoke: Wand              |     4 |    16 |     5 ||    25
  Use: Potion            |       |       |     4 ||     4
       Scroll            |       |       |    16 ||    16
 Stab: Sleeping          |     1 |       |       ||     1
       Distracted        |       |       |     1 ||     1
       Betrayed ally     |       |       |     1 ||     1
Armor: Leather armour    |    28 |       |       ||    28
       Scale mail        |    11 |    95 |   260 ||   366
       Skin              |       |       |    12 ||    12
Dodge: Dodged            |    67 |    83 |   236 ||   386
